 Dungeon Crawl Stone Soup version 0.30-a0-1114-gd936c97349 (webtiles) character file.

Game seed: 12851671707505682440

3728 kae the Grappler (level 9, -1/64 HPs)
             Began as a Purple Draconian Transmuter on Apr 20, 2023.
             Was a Believer of Ru.
             Slain by a gnoll sergeant
             ... wielding a +0 glaive
              (18 damage)
             ... in a bailey.
             The game lasted 00:07:53 (9720 turns).

kae the Grappler (Purple Draconian Transmuter)      Turns: 9720, Time: 00:07:54

Health: -1/64      AC:  9    Str: 13    XL:     9   Next: 92%
Magic:  9/15       EV: 12    Int: 17    God:    Ru [**....]
Gold:   100        SH:  0    Dex: 12    Spells: 1/16 levels left

rFire   . . .      SeeInvis .      - Unarmed
rCold   . . .      Faith    .    (shield currently unavailable)
rNeg    + . .      Spirit   .    (body armour unavailable)
rPois   .          Reflect  .    (helmet restricted)
rElec   .          Rampage  .    m - +1 cloak
rCorr   .                        (gloves currently unavailable)
Will    +....                    (no boots)
Stlth   +                        (no amulet)
HPRegen 0.30/turn                L - ring of flight
MPRegen 0.14/turn                N - ring of positive energy

@: blade hands, weakened, wereblooded, flying
A: breathe power, AC +7, unfitting armour, cold-blooded, inability to use
devices
a: Breathe Dispelling Energy, End Transformation, Renounce Religion


You were in a bailey.
You worshipped Ru.
Ru was pleased with you.
You had blades for hands.
You visited 2 branches of the dungeon, and saw 9 of its levels.
You also visited: Bailey.

You collected 492 gold pieces.
You spent 392 gold pieces at shops.


Innate Abilities, Weirdness & Mutations

You have blades for hands.
Your spellcasting is less reliable in this form.
You are incapable of wielding weapons or throwing items.
You can breathe bolts of dispelling energy.
Your rich purple scales are hard. (AC +7)
You cannot fit into any form of body armour.
You are cold-blooded and may be slowed by cold attacks.
You cannot study or use magical devices.


   Skills:
 - Level 1.1 Fighting
 - Level 1.7 Dodging
 - Level 10.0 Unarmed Combat
 + Level 4.4 Spellcasting
 + Level 7.6 Transmutations
 - Level 6.0 Ice Magic
 - Level 3.0 Poison Magic


You had one spell level left.
You knew the following spells:

 Your Spells              Type           Power      Damage    Failure   Level
a - Blade Hands           Tmut           14%        N/A       61%         5
b - Wereblood             Tmut           29%        N/A       16%         2
c - Spider Form           Tmut/Pois      21%        N/A       32%         3
d - Ice Form              Ice/Tmut       27%        N/A       43%         4
e - Beastly Appendage     Tmut           58%        N/A       13%         1

Your spell library contained the following spells:

 Spells                   Type           Power      Damage    Failure   Level
 Freeze                   Ice            96%        1d10      17%         1
 Sandblast                Erth           6%         2d5       56%         1
 Frozen Ramparts          Ice            48%        1d8       28%         3
 Passwall                 Tmut/Erth      13%        N/A       32%         2
 Ignite Poison            Fire/Tmut/Pois 15%        N/A       47%         3
 Hailstorm                Conj/Ice       13%        3d5       52%         3
 Cigotuvi's Dreadful Rot  Necr/Pois/Air  14%        N/A       56%         2
 Portal Projectile        Hex/Tloc       6%         N/A       82%         3
 Stone Arrow              Conj/Erth      6%         3d7       82%         3
 Tukima's Dance           Hex            3%         N/A       82%         3
 Dispel Undead            Necr           3%         3d7       98%         4
 Freezing Cloud           Conj/Ice/Air   5%         6-21      99%         5
 Death Channel            Necr           1%         N/A       100%        6

Inventory:

Missiles
 b - 75 stones
 e - 5 poisoned darts
 j - 2 throwing nets {=f!f}
 l - 3 boomerangs
 n - 4 datura-tipped darts
 o - 4 atropa-tipped darts
Armour
 m - a +1 cloak (worn)
   (You found it on level 3 of the Dungeon)
Magical Staves
 p - a staff of fire {!a}
   (You found it on level 5 of the Dungeon)
Jewellery
 L - a ring of flight (left blade hand)
   (You found it on level 5 of the Dungeon)
 N - a ring of positive energy (right blade hand)
   (You found it on level 2 of the Dungeon)
 T - an amulet of faith {!P}
   (You found it on level 3 of the Dungeon)
Wands
 i - a wand of paralysis (10)
   (You found it on level 8 of the Dungeon)
Scrolls
 c - 2 scrolls of fog
 h - a scroll of poison {!r}
 q - 2 scrolls of amnesia
 r - a scroll of enchant weapon
 s - 2 scrolls of enchant armour
Potions
 a - a potion of lignification {!q}
 d - 4 potions of cancellation {unknown}
 f - 2 potions of curing {@q1}
 g - 3 potions of degeneration {unknown}
 k - 3 potions of brilliance
 v - a potion of might
 w - 2 potions of heal wounds {@q2}

Dungeon Overview and Level Annotations

Branches:
Dungeon (8/15) Zot: 26705  Temple (1/1) D:6 Zot: 5898  Bailey (1/1) Zot: 5777
   Lair: D:8-11

Altars:
Ashenzari
Dithmenos
Fedhas
Hepliaklqana
Kikubaaqudgha
Makhleb
Nemelex Xobeh
Okawaru
Qazlal
Ru
Sif Muna
Trog
Uskayaw
Vehumet
Wu Jian
Zin
The Shining One

Shops:
D:5 ?

Annotations:
D:3 3 runed translucent doors, windycow's ghost, amateur DrFE
D:4 2 runed translucent doors, microfolk's ghost, weakling AtWr

♣♣.♣♣ ♣♣.∩.♣♣♣♣
♣♣♣♣.......♣♣
♣♣♣...........♣♣♣
♣......†).......♣♣
≈≈≈≈≈≈≈)..≈≈≈≈≈≈≈♣♣
≈..............g≈≈♣
...........)gg.g.≈♣
.######'''######@≈♣
.# #...# #.≈♣ ##
#..(# ##≈♣ # #...#
#≈♣ # ##'## #≈♣ #


.gg #≈♣ # ..g.. #≈♣ # ....... #≈♣ # #..$8$..# #≈♣ You could see 2 gnoll
sergeants, a gnoll bouda and a gnoll.


Message History

You take 3 damage, and now have 60/76 hp.
You hit the gnoll but do no damage. The gnoll closely misses you.
You completely miss the gnoll.
Your magical contamination has completely faded away. 😕 HP[+1]
You completely miss the gnoll.
The gnoll hits you with a +0 halberd! 😮 HP[-12]
You take 12 damage, and now have 49/76 hp.
You are too injured to fight recklessly!
You are too injured to fight recklessly!
You hit the gnoll but do no damage. The gnoll barely misses you.
You are too injured to fight recklessly!
You are too injured to fight recklessly!
You punch the gnoll! You freeze the gnoll.
You kill the gnoll!
Unknown command.
Things that are here:
a +0 halberd; a +0 scale mail; a gnoll corpse 😮 HP[+1]
You start resting. 😮 HP[+7] MP[+4]
You regained 7 hp, and now have 57/76 hp.
You regained 4 mp, and now have 12/15 mp.
You start resting.
Your transformation is almost over.
You warm up again.
Your +1 cloak unmelds from your body. 😕 HP[-3] MP[+2]
You now have 64 max hp (-12).
You regained 2 mp, and now have 14/15 mp.
You start resting. 😕 MP[+1]
Your mp is fully restored (15).
Things that are here:
a +0 halberd; a +0 scale mail; a gnoll corpse You start resting. 😎 HP[+10]
Your hp is fully restored (64).
There is an open gate here.
You reach down and open the door. 2 gnolls and 2 gnoll sergeants come into view.
The gnoll shouts!
The gnoll sergeant shouts! x2; You hear a shout!
The gnoll throws a throwing net.
The throwing net closely misses you.
A gnoll bouda comes into view. It is wielding a +0 spear.
Unknown command.
There are monsters nearby!
There are monsters nearby!
There are monsters nearby!
Unknown command.
The gnoll throws a throwing net.
The throwing net barely misses you.
You see here 2 throwing nets {=f!f}.
There is an open gate here.
Things that are here:
a +0 halberd; a +0 scale mail; a gnoll corpse
Casting: Ice Form (dangerous; 9% risk of failure)
Confirm with . or Enter, or press ? or * to list all spells.
The spell is quite dangerous to miscast (19% risk of failure)!
Continue anyway? [Y]es or [N]o only, please.
The spell is quite dangerous to miscast (19% risk of failure)!
Continue anyway?
Your hands turn into razor-sharp scythe blades. 😎 MP[-5]
You lost 5 mp, and now have 10/15 mp.
Casting: Blade Hands (extremely dangerous; 61% risk of failure)
Confirm with . or Enter, or press ? or * to list all spells.
Your blood is infused with primal strength. 😎 MP[-2]
You lost 2 mp, and now have 8/15 mp.
The gnoll hits you with a +0 trident.
The gnoll sergeant hits you from afar with a +0 glaive. 😕 HP[-4]
You take 4 damage, and now have 60/64 hp.
You hit the gnoll but do no damage.
You tail-slap the gnoll, but do no damage.
You slash the gnoll, but do no damage.
The gnoll bouda barks out a call to the hunt!
The gnolls pick up the pace!
The gnoll sergeant hits you from afar with a +0 glaive!
The gnoll sergeant hits you from afar with a +0 glaive.
The gnoll hits you with a +0 trident.
You slice the gnoll!!
You feel a bit better.
You kill the gnoll! 😮 HP[-13]
You take 13 damage, and now have 47/64 hp.
MASSIVE DAMAGE!! (PAUSE)
The gnoll sergeant hits you from afar with a +0 glaive! 😮 HP[-8]
You take 8 damage, and now have 39/64 hp.
The gnoll bouda begins to pray, but is stunned by your conviction!
The gnoll sergeant hits you from afar with a +0 glaive!
* * * LOW HITPOINT WARNING * * *
The gnoll sergeant barely misses you. 😨 HP[-11] MP[+1]
You take 11 damage, and now have 28/64 hp.
You slash the gnoll sergeant!
The gnoll bouda gazes fiercely through you!
You feel your attacks grow feeble.
The gnoll sergeant hits you from afar with a +0 glaive!
* * * LOW HITPOINT WARNING * * *
The gnoll sergeant hits you with a +0 glaive!!
You die...

Skill      XL: |  1  2  3  4  5  6  7  8  9 |
---------------+----------------------------+-----
Poison Magic   | 1 2 3 |  3.0
Ice Magic      | 1 2 3 4 6 |  6.0
Transmutations | 3 4 5 7 |  7.6
Spellcasting   | 3 4 |  4.4
Unarmed Combat | 6 10 | 10.0
Fighting       | |  1.1
Dodging        | |  1.7

Action                     |  1- 3 |  4- 6 |  7- 9 || total
---------------------------+-------+-------+-------++-------
  Melee: Unarmed           |   103 |   107 |   279 ||   489
         Headbutt          |     6 |     3 |       ||     9
         Kick              |    21 |     2 |       ||    23
         Tailslap          |     5 |     2 |     1 ||     8
         Punch             |     1 |     1 |     1 ||     3
   Cast: Beastly Appendage |    24 |     6 |       ||    30
         Spider Form       |     1 |    20 |     4 ||    25
         Wereblood         |       |     4 |    14 ||    18
         Ice Form          |       |     1 |    38 ||    39
         Blade Hands       |       |       |     1 ||     1
 Invoke: Sacrifice Artific |       |       |     1 ||     1
Ability: Breathe Dispellin |       |       |     1 ||     1
    Use: Scroll            |     1 |     3 |    10 ||    14
   Stab: Distracted        |       |       |     1 ||     1
         Invisible         |       |       |     1 ||     1
 Armour: Skin              |    39 |    23 |    95 ||   157
  Dodge: Dodged            |    72 |   122 |   131 ||   325

Levels and vault maps discovered:
D:1:      lemuel_arrival_behind_the_door_small, layout_basic,
          minmay_shallow_snake_nest
D:2:      layout_loops_corners, uniq_sigmund
D:3:      layout_basic, ebering_ghost_rock_garden
D:4:      layout_cave_pools, led_sif_pool, ebering_ghost_disaster_area
D:5:      layout_layer_cave, fedhas_altar_decomposition, kennysheep_little_box,
          st_stairs_14, minmay_door_square, grunt_ministairs_2,
          nicolae_nh_oracle_at_delphi
D:6:      layout_basic, okawaru_trees_1, general_overflow_altar,
          minmay_temple_entry_ruins, serial_curves, eino_curves_03,
          eino_curves_03, uniq_crazy_yiuf_cottage, uniq_grinder, uniq_pikel
D:7:      layout_loops_ring, lightli_temple_of_fire, kennysheep_flooded_box,
          hangedman_abyss_or_decor_jellyfish_corner
D:8:      layout_basic, nicolae_gozag_cash_rules_everything_around_me,
          enter_bailey_5, uniq_maurice
Temple:   jpeg_temple_clearing
Bailey:   bailey_polearm_gnolls_kennysheep, bailey

Notes
Turn   | Place    | Note
-------+----------+-------------------------------------------
     0 | D:1      | kae the Draconian Transmuter began the quest for the Orb.
     0 | D:1      | Reached XP level 1. HP: 16/16 MP: 3/3
     0 | D:1      | magus.rc [v1.11.3]
   167 | D:1      | Reached XP level 2. HP: 20/23 MP: 3/5
   224 | D:1      | Reached skill level 1 in Poison Magic
   609 | D:1      | Reached skill level 1 in Ice Magic
   609 | D:1      | Reached XP level 3. HP: 19/28 MP: 4/6
   612 | D:1      | Learned a level 2 spell: Wereblood
   616 | D:1      | Learned a level 3 spell: Spider Form
  1016 | D:2      | Noticed Sigmund
  1024 | D:2      | Killed Sigmund
  1025 | D:2      | Reached skill level 3 in Transmutations
  1025 | D:2      | Reached skill level 2 in Ice Magic
  1025 | D:2      | Reached skill level 2 in Poison Magic
  1025 | D:2      | Reached XP level 4. HP: 35/35 MP: 3/8
  1025 | D:2      | Reached XP level 5. HP: 40/40 MP: 3/9
  1058 | D:2      | You pick up a book of Frost and begin reading...
  1058 | D:2      | You add the spells Freeze, Frozen Ramparts and Hailstorm to
                  | your library.
  1101 | D:2      | You pick up a book of Geomancy and begin reading...
  1101 | D:2      | You add the spells Sandblast, Passwall and Stone Arrow to
                  | your library.
  1393 | D:2      | Reached skill level 3 in Poison Magic
  1936 | D:3      | Reached skill level 4 in Transmutations
  1952 | D:3      | HP: 6/40 [gnoll sergeant/+0 trident (6)]
  2099 | D:3      | HP: 10/40 [gnoll sergeant/+0 trident (11)]
  2570 | D:3      | You pick up a book of Decay and begin reading...
  2570 | D:3      | You add the spells Cigotuvi's Dreadful Rot, Dispel Undead
                  | and Death Channel to your library.
  2650 | D:3      | Found a runed translucent gate.
  2650 | D:3      | Found a runed translucent gate.
  2651 | D:3      | Noticed windycow's ghost (amateur DrFE)
  2652 | D:3      | Found a runed translucent gate.
  2660 | D:3      | Reached XP level 6. HP: 47/47 MP: 6/10
  2735 | D:3      | Reached skill level 3 in Spellcasting
  3395 | D:3      | Learned a level 4 spell: Ice Form
  3437 | D:4      | Reached skill level 5 in Transmutations
  3437 | D:4      | Reached skill level 3 in Ice Magic
  3441 | D:4      | Your scales start taking on a rich purple colour.
  3441 | D:4      | Reached XP level 7. HP: 29/52 MP: 4/12
  3750 | D:4      | Found a large runed translucent door.
  3751 | D:4      | Found a large runed translucent door.
  3787 | D:4      | Noticed microfolk's ghost (weakling AtWr)
  4076 | D:4      | Found a shimmering blue altar of Sif Muna.
  4225 | D:5      | Entered Level 5 of the Dungeon
  4233 | D:5      | Reached skill level 6 in Transmutations
  4249 | D:5      | Reached skill level 4 in Ice Magic
  4435 | D:5      | Found a blossoming altar of Fedhas.
  4723 | D:5      | Reached skill level 7 in Transmutations
  4723 | D:5      | Reached XP level 8. HP: 51/59 MP: 7/13
  4902 | D:5      | Reached skill level 5 in Ice Magic
  5075 | D:5      | You add the spells Ignite Poison and Freezing Cloud to your
                  | library.
  5083 | D:5      | Found The Oracle's Delphic Readings.
  5738 | D:5      | Found an ancient bone altar of Kikubaaqudgha.
  5892 | D:5      | Reached skill level 6 in Ice Magic
  5899 | D:5      | Reached skill level 4 in Unarmed Combat
  5995 | D:6      | Reached skill level 5 in Unarmed Combat
  6033 | D:6      | Found a staircase to the Ecumenical Temple.
  6033 | D:6      | Noticed Grinder
  6044 | Temple   | Entered the Ecumenical Temple
  6135 | Temple   | Became a worshipper of Ru the Awakened
  6160 | D:6      | Killed Grinder
  6161 | D:6      | Reached skill level 6 in Unarmed Combat
  6297 | D:6      | Noticed Pikel
  6329 | D:6      | Reached XP level 9. HP: 64/64 MP: 5/14
  6394 | D:6      | Reached skill level 7 in Unarmed Combat
  6637 | D:6      | Reached skill level 8 in Unarmed Combat
  7008 | D:6      | Killed Pikel
  7009 | D:6      | Reached skill level 9 in Unarmed Combat
  7187 | D:6      | Gained mutation: You cannot study or use magical devices.
                  | [Ru sacrifice]
  7187 | D:6      | Reached * piety under Ru
  7187 | D:6      | Reached ** piety under Ru
  7206 | D:6      | Found a runed translucent door.
  7207 | D:6      | Noticed Crazy Yiuf
  7302 | D:6      | Found an iron altar of Okawaru.
  7461 | D:6      | Found a broken altar of Ashenzari.
  7810 | D:6      | Killed Crazy Yiuf
  8074 | D:5      | Bought a book of Weapons for 392 gold pieces
  8074 | D:5      | You pick up a book of Weapons and begin reading...
  8074 | D:5      | You add the spells Tukima's Dance, Portal Projectile and
                  | Blade Hands to your library.
  8118 | D:6      | Learned a level 5 spell: Blade Hands
  8224 | D:7      | Reached skill level 10 in Unarmed Combat
  8559 | D:7      | Found a burning altar of Makhleb.
  8950 | D:7      | Reached skill level 4 in Spellcasting
  9478 | D:8      | Found a flagged portal.
  9495 | Bailey   | Entered a bailey
  9720 | Bailey   | Slain by a gnoll sergeant

Vanquished Creatures
  Pikel (D:6)
  Grinder (D:6)
  Sigmund (D:2)
  A steam dragon (D:6)
  An ice beast (D:6)
  A water moccasin (D:6)
  2 sky beasts
  A black bear (D:6)
  2 orc warriors (D:7)
  A centaur (D:6)
  An ogre (D:5)
  3 lemures (D:6)
  2 bullfrogs (D:7)
  4 necrophages (D:5)
  A gnoll sergeant (D:3)
  7 scorpions
  8 hounds
  4 jellies
  6 orc priests
  Crazy Yiuf (D:6)
  2 bullfrog zombies (D:5)
  A gnoll bouda (D:6)
  3 orc wizards
  17 gnolls
  5 adders
  2 white imps (D:6)
  2 ufetubi
  A worm (D:4)
  3 dart slugs
  35 orcs
  3 endoplasms (D:2)
  7 giant cockroaches
  11 goblins
  10 hobgoblins
  2 jackals (D:3)
  A quokka (D:1)
  8 ball pythons
  6 bats
  4 frilled lizards
  8 kobolds
  9 rats
189 creatures vanquished.

Vanquished Creatures (others)
  A jelly (D:6)
  A gnoll (Bailey)
  2 bushes (D:5)
  11 plants (D:5)
15 creatures vanquished.

Grand Total: 204 creatures vanquished

Table legend:
 A = Non-vault XP
 B = Vault XP
 C = Vault XP percentage of total XP
 D = Non-vault monster count
 E = Vault monster count
 F = Vault count percentage of total count
                 A         B        C        D         E       F
            +---------+---------+-------+---------+---------+-------
      Total |    3377 |    1950 |  36.6 |     159 |      29 |  15.4
            +---------+---------+-------+---------+---------+-------
        D:1 |      46 |       1 |   2.1 |      26 |       1 |   3.7
        D:2 |      77 |     223 |  74.3 |      22 |       1 |   4.3
        D:3 |     180 |       0 |   0.0 |      19 |       0 |   0.0
        D:4 |     409 |       0 |   0.0 |      23 |       0 |   0.0
        D:5 |     612 |     626 |  50.6 |      24 |      12 |  33.3
        D:6 |    1244 |     928 |  42.7 |      26 |       3 |  10.3
        D:7 |     807 |       0 |   0.0 |      18 |       0 |   0.0
        D:8 |       2 |       7 |  77.8 |       1 |       4 |  80.0
     Bailey |       0 |     165 | 100.0 |       0 |       8 | 100.0
            +---------+---------+-------+---------+---------+-------

Illustrated notes

Table legend:
 A = Kills in this place as a percentage of kills in the entire game.
 B = Kills by you in this place as a percentage of kills by you in the entire game.
 C = Kills by friends in this place as a percentage of kills by friends in the entire game.
 D = Other kills in this place as a percentage of other kills in the entire game.
 E = Experience gained in this place as a percentage of experience gained in the entire game.
 F = Experience gained in this place divided by the number of levels of this place that you have seen.
                   A       B       C       D       E      F
               +-------+-------+-------+-------+-------+----------------------
         Total | 100.0 | 100.0 |   N/A | 100.0 | 100.0 | 532.7
       Dungeon |  95.7 |  96.2 |   N/A |  50.0 |  96.9 | 645.2
        Bailey |   4.3 |   3.8 |   N/A |  50.0 |   3.1 | 165.0
               +-------+-------+-------+-------+-------+----------------------

Table legend: (Time is in decaauts)
 A = Elapsed time spent in this place.
 B = Non-inter-level travel time spent in this place.
 C = Inter-level travel time spent in this place.
 D = Time resting spent in this place.
 E = Time spent auto-exploring this place.
 F = Levels seen in this place.
 G = Mean time per level.
                   A        B        C        D        E       F      G
               +--------+--------+--------+--------+--------+-----+--------+
         Total |   9669 |   9338 |    331 |    385 |   7539 |  10 |  966.9 |
       Dungeon |   9346 |   9043 |    303 |    306 |   7472 |   8 | 1168.2 |
        Temple |    101 |     73 |     28 |      0 |     61 |   1 |  101.0 |
        Bailey |    221 |    221 |      0 |     79 |      6 |   1 |  221.0 |
               +--------+--------+--------+--------+--------+-----+--------+

Top non-repeatable levels by time:
     D:6: 1963 daAuts
     D:5: 1827 daAuts
     D:2: 1431 daAuts
     D:3: 1211 daAuts
     D:7: 1046 daAuts
     D:4: 817 daAuts
     D:1: 755 daAuts
     D:8: 294 daAuts
  Bailey: 221 daAuts
  Temple: 101 daAuts
